 Dungeon Crawl Stone Soup version 0.31-a0-1098-g6898e6545c (webtiles) character file.

Game seed: 11491534021348157127

87 Bnni the Shooter (level 4, 0/23 HPs)
             Began as a Spriggan Hunter on Nov 30, 2023.
             Killed from afar by Sigmund (7 damage)
             ... with a puff of flame
             ... on level 2 of the Dungeon.
             The game lasted 00:02:16 (1217 turns).

Bnni the Shooter (Spriggan Hunter)                  Turns: 1217, Time: 00:02:16

Health: 0/23       AC:  3    Str:  7    XL:     4   Next: 28%
Magic:  5/5        EV: 19    Int: 10    God:
Gold:   63         SH:  0    Dex: 20    Spells: 3/3 levels left

rFire   . . .        a - +0 shortbow
rCold   . . .        (shield currently unavailable)
rNeg    . . .        c - +0 robe
rPois   .            (helmet restricted)
rElec   .            g - +0 cloak
rCorr   .            (gloves unavailable)
SInv    +            (boots unavailable)
Will    .....        (no amulet)
Stlth   ++           (no ring)
HPRegen 0.23/turn    (no ring)
MPRegen 0.09/turn

%: no passive effects
@: very quick
A: very small, no large weapons, unfitting armour, see invisible, speed 3
a: no special abilities


You were on level 2 of the Dungeon.
You visited 1 branch of the dungeon, and saw 2 of its levels.

You collected 63 gold pieces.

Inventory:

Hand Weapons
 a - a +0 shortbow (weapon)
Missiles
 h - 5 poisoned darts
Armour
 c - a +0 robe (worn)
 g - a +0 cloak (worn)
Wands
 l - a wand of flame (16)
Scrolls
 b - 2 scrolls of butterflies
 d - 2 scrolls of teleportation {unknown}
 f - a scroll of identify {unknown}
 i - a scroll of fear {unknown}
 j - a scroll of brand weapon {unknown}
 k - a scroll of revelation {unknown}
Potions
 e - a potion of curing {unknown}


   Skills:
 + Level 2.3 Fighting
 * Level 5.0 Ranged Weapons
 + Level 3.7 Dodging
 - Level 1.5 Stealth


You had 3 spell levels left.
You didn't know any spells.
Your spell library was empty.

Dungeon Overview and Level Annotations

Branches:
Dungeon (2/15)

Altars:

Shops:
D:2 ((?

Annotations:
D:2 Sigmund


Innate Abilities, Weirdness & Mutations

You are very small and have problems with some larger weapons.
You are too small for most types of armour.
You have supernaturally acute eyesight. (SInv)
You cover ground extremely quickly. (Speed+++)


Message History

You shoot an arrow.
The arrow hits Sigmund but does no damage.
You shoot an arrow. The arrow closely misses Sigmund.
You shoot an arrow. The arrow hits Sigmund!
Sigmund is moderately wounded.
You shoot an arrow. The arrow barely misses Sigmund.
You shoot an arrow. The arrow hits Sigmund.
Sigmund is moderately wounded.
You shoot an arrow. The arrow closely misses Sigmund.
You shoot an arrow.
The arrow hits Sigmund but does no damage.
Sigmund is moderately wounded.
Sigmund casts a spell at you. The puff of flame hits you!
You shoot an arrow. The arrow hits Sigmund.
Sigmund is moderately wounded.
You shoot an arrow. The arrow hits Sigmund.
Sigmund is heavily wounded.
Sigmund points at you and mumbles some strange words.
The magic dart hits you!
You are too injured to fight recklessly!
Sigmund casts a spell at you. The magic dart hits you.
* * * LOW HITPOINT WARNING * * *
You are too injured to fight recklessly!
Fire: a) +0 shortbow
Press: ? - help, Shift-Dir - straight line, f/p - Sigmund
Aim: Sigmund, wielding a +1 scythe of protection and wearing a +2 robe of willpower (heavily wounded, 62% to hit)
You shoot an arrow.
The arrow hits Sigmund but does no damage.
Sigmund is heavily wounded.
Fire: a) +0 shortbow
Press: ? - help, Shift-Dir - straight line, f/p - Sigmund
Aim: Sigmund, wielding a +1 scythe of protection and wearing a +2 robe of willpower (heavily wounded, 62% to hit)
You shoot an arrow. The arrow hits Sigmund.
Sigmund is severely wounded.
Sigmund casts a spell at you. The puff of flame hits you!
You die...
Sigmund begins carving another notch in his scythe.

#.....♣....#
#####....####
#..#[..#.#### #....#
......#....## #....#
.####.##....# ###....#
.........### ##....###
.).........#####..##.###
...............##.###...#
..............@.......##
..........@.....#######
................########
...>....................
...............########
#######......### #......#
#......# #.......
#######.


You could see Sigmund.

Vanquished Creatures
  3 gnolls
  An adder (D:2)
  3 ball pythons (D:1)
  4 bats (D:1)
  4 endoplasms
  2 giant cockroaches
  6 hobgoblins
  3 jackals
  5 kobolds (D:1)
  4 quokkas
  2 frilled lizards (D:1)
  7 goblins
44 creatures vanquished.

Notes
Turn   | Place    | Note
-------+----------+-------------------------------------------
     0 | D:1      | Bnni the Spriggan Hunter began the quest for the Orb.
     0 | D:1      | Reached XP level 1. HP: 10/10 MP: 2/2
    92 | D:1      | Reached XP level 2. HP: 15/15 MP: 3/3
   480 | D:1      | Reached XP level 3. HP: 18/18 MP: 4/4
   818 | D:2      | Found Pefey's Weapon Boutique.
   883 | D:2      | Noticed Sigmund
   883 | D:2      | Found Valileh's Magic Scroll Shop.
  1015 | D:2      | Reached XP level 4. HP: 23/23 MP: 5/5
  1056 | D:2      | Reached skill level 5 in Ranged Weapons
  1138 | D:2      | Found Evaahasm's Weapon Emporium.
  1217 | D:2      | Killed from afar by Sigmund

Illustrated notes

Levels and vault maps discovered:
D:1:      tarquinn_simple_flora_water_b, layout_basic
D:2:      layout_rooms, basic_altar, serial_shops, nicolae_shop_trees,
          shop_fountains, shop, uniq_sigmund

Skill      XL: |  1  2  3  4 |
---------------+-------------+-----
Dodging        | 3 |  3.7
Fighting       | 2 |  2.3
Ranged Weapons | 5 |  5.0
Stealth        | |  1.5

Action                     |  1- 3 |  4- 6 || total
---------------------------+-------+-------++-------
   Fire: Shortbow          |    96 |    27 ||   123
 Armour: Robe              |     7 |     4 ||    11
  Dodge: Dodged            |    30 |     4 ||    34

Table legend: (Time is in decaauts)
 A = Elapsed time spent in this place.
 B = Non-inter-level travel time spent in this place.
 C = Inter-level travel time spent in this place.
 D = Time resting spent in this place.
 E = Time spent auto-exploring this place.
 F = Levels seen in this place.
 G = Mean time per level.
                   A        B        C        D        E       F      G
               +--------+--------+--------+--------+--------+-----+--------+
         Total |    845 |    727 |    118 |     47 |    433 |   2 |  422.5 |
       Dungeon |    845 |    727 |    118 |     47 |    433 |   2 |  422.5 |
               +--------+--------+--------+--------+--------+-----+--------+

Top non-repeatable levels by time:
     D:1: 674 daAuts
     D:2: 171 daAuts
